 Dungeon Sprint DCSS version 0.22-a0-422-g9628fc87f1 (webtiles) character file.

3843 Denreik the Sharpshooter (level 10, -17/83 (86) HPs)
             Began as a Formicid Fighter on May 19, 2018.
             Was a Priest of the Shining One.
             Killed from afar by a crystal guardian (47 damage)
             ... with a crystal bolt
             ... in the Dungeon (Sprint II: "The Violet Keep of Menkaure").
             The game lasted 00:25:12 (1724 turns).

Denreik the Sharpshooter (Formicid Fighter)         Turns: 1724, Time: 00:25:13

HP:   -17/83 (86)   AC: 15    Str: 27    XL:     10   Next: 41%
MP:   7/10          EV:  8    Int:  9    God:    the Shining One [***...]
Gold: 212           SH: 20    Dex: 10    Spells: 9/9 levels left

rFire    . . .     SeeInvis +   b - +2 arbalest (flame)
rCold    . . .     Gourm    .   c - +0 shield
rNeg     + . .     Faith    .   o - +0 chain mail "Fasihik" {-Cast Regen+ Str+4 Slay+5}
rPois    .         Spirit   .   (helmet unavailable)
rElec    .         Reflect  .   (no cloak)
rCorr    .         Harm     .   A - +0 pair of gloves
MR       +....     NoCast   +   (no boots)
Stlth    ..........             (no amulet)
HPRegen  0.00/turn              l - +5 ring of protection
MPRegen  0.12/turn              (no ring)

@: lethally poisoned (-17 -> -55), divine shield, non-regenerating, diseased,
glowing
A: permanent stasis, dig shafts and tunnels, four strong arms, antennae 3
a: Dig, Divine Shield, Renounce Religion


You were in the Dungeon.
You worshipped the Shining One.
The Shining One was most pleased with you.
You were not hungry.

You visited 1 branch You collected 1156 gold pieces.
You spent 944 gold pieces at shops.

Inventory:

Hand Weapons
 a - a +0 quarterstaff
 b - a +2 arbalest of flaming (weapon)
 m - a +0 spear
Missiles
 q - 27 bolts (quivered)
Armour
 c - a +0 shield (worn)
 n - a +1 pair of gloves
 o - the +0 chain mail "Fasihik" (worn) {-Cast Regen+ Str+4 Slay+5}
   (You bought it in a shop in the Dungeon)

   It affects your strength (+4).
   It affects your accuracy and damage with ranged weapons and melee attacks
   (+5).
   It prevents spellcasting.
   It increases your rate of regeneration.
 p - a +0 scale mail
 A - a +0 pair of gloves (worn)
Jewellery
 l - a +5 ring of protection (left hand)
Scrolls
 k - a scroll of blinking
 r - 7 scrolls of identify {unknown}
 u - 2 scrolls of remove curse
 w - a scroll of enchant armour {unknown}
 y - 2 scrolls of magic mapping {unknown}
 D - a scroll of fog {unknown}
Potions
 d - a potion of might
 g - 6 potions of heal wounds
 h - a potion of haste
 i - 6 potions of magic
 j - a potion of berserk rage
 t - 5 potions of flight {unknown}
 v - a potion of lignification {unknown}
 x - 3 potions of resistance {unknown}
 z - 2 potions of degeneration {unknown}
 B - a potion of agility {unknown}
 C - a potion of cancellation {unknown}
Comestibles
 f - 2 chunks of flesh
 s - 5 rations


   Skills:
 - Level 10.5 Fighting
 - Level 8.3 Staves
 - Level 15.0 Crossbows
 - Level 3.2 Armour
 - Level 14.5 Shields


You had 9 spell levels left.
You didn't know any spells.
Your spell library was empty.

Dungeon Overview and Level Annotations

Branches:
Dungeon (1/1)

Altars:
Cheibriados
Dithmenos
Elyvilon
Fedhas
Gozag
Hepliaklqana
Kikubaaqudgha
Makhleb
Nemelex Xobeh
Okawaru
Qazlal
Ru
Sif Muna
Trog
Uskayaw
Vehumet
Wu Jian
Xom
Yredelemnul
Zin
The Shining One
Beogh
Jiyva
Lugonu

Shops:
D !(:[=%(?}=!!:*[(

Annotations:
D exclusion: oklob plant


Innate Abilities, Weirdness & Mutations

You cannot be hasted, slowed, berserked, paralysed or teleported.
You can dig through walls and to a lower floor.
Your four strong arms can wield two-handed weapons with a shield.
You have a pair of large antennae on your head. (SInv)


Message History

The foul vapour engulfs you!
You are more poisoned.
Your stasis prevents you from being slowed.
The swamp drake is engulfed in dark miasma.
The swamp drake seems to slow down.
You feel better.
You are engulfed in dark miasma.
You are poisoned.
You feel your flesh rotting away!
You feel ill.
You feel sick.
A spear hits the death drake!
Your shield is strengthened by the Shining One's divine power.
You feel slightly more hungry.
You are engulfed in dark miasma.
You are lethally poisoned!
You feel your flesh rotting away!
You feel very sick. You block the death drake's attack.
The swamp drake is engulfed in dark miasma.
The swamp drake seems to slow down.
The swamp drake dies!
The crystal guardian fires a crystalline bolt at you.
The crystal bolt burns you!
Ouch! That really hurt!
You die...

++#+++## ... ##}:▓▓▓▓▓▓▓▓▓▓▓ ..
....# { .. k.#:}▓)(...).(▓▓
##+##..# #. k.#)}▓......[.▓▓
#.#.##.####{ +.##.#:)▓..((.)[(▓▓
..#..#....# {#..k####▓.([.....▓▓
##.#####..## #.k# .#▓....)...▓▓
##'# #.##..# {+§8# .#▓[..(.)..▓▓
##.####.#..# #k§# .#▓..[..(..▓▓
'.<.'.##'..####§@##.#▓[[..[...▓▓
##.##...#....###§§§##▓▓▓▓▓▓▓'▓▓▓▓
##'###.##.§....≈§)§≈≈≈≈≈≈≈≈≈...≈≈
#...####≈≈.....≈#'########§###.≈≈
..#..#≈≈≈≈≈≈≈..≈#....._..#§§≈##≈≈
#...##≈≈≈≈§§≈≈.≈#...._._.#§§≈≈###
##'##≈≈≈≈≈≈§≈≈≈≈#..._._._#§§≈§≈##
≈≈≈≈≈≈≈≈≈≈§≈§≈≈≈#.._._._.#§§§≈≈§#
++#+++#≈≈§≈§≈≈§≈#._._._._#≈§§≈§§+


You could see 2 death drakes, a crystal guardian and a swamp drake.

Vanquished Creatures
  A kraken (D)
  A merfolk siren (D)
  A yaktaur (D)
  3 polar bears (D)
  A hornet (D)
  A vampire mosquito (D)
  Menkaure (D)
  4 necrophages (D)
  3 crocodiles (D)
  4 worker ants (D)
  3 worms (D)
  2 tentacles (D)
25 creatures vanquished.

Vanquished Creatures (others)
  A swamp drake (D)
  A crocodile (D)
  8 tentacles (D)
10 creatures vanquished.

Grand Total: 35 creatures vanquished

Notes
Turn   | Place    | Note
-------+----------+-------------------------------------------
     0 | D        | Denreik the Formicid Fighter began the quest for the Orb.
     0 | D        | Reached XP level 1. HP: 18/18 MP: 1/1
     1 | D        | Noticed a worker ant
     1 | D        | Noticed a worker ant
     7 | D        | Killed a worker ant
     7 | D        | Reached XP level 2. HP: 13/24 MP: 2/2
     7 | D        | Reached XP level 3. HP: 16/29 MP: 3/3
    15 | D        | Reached XP level 4. HP: 23/38 MP: 4/4
   105 | D        | Killed a crocodile
   144 | D        | Reached skill level 5 in Fighting
   278 | D        | Noticed a necrophage
   278 | D        | Noticed a necrophage
   278 | D        | Noticed a necrophage
   278 | D        | Noticed a necrophage
   295 | D        | Killed a necrophage
   295 | D        | Reached skill level 10 in Fighting
   295 | D        | Reached XP level 5. HP: 23/49 MP: 5/5
   302 | D        | Killed a necrophage
   302 | D        | Reached skill level 5 in Staves
   302 | D        | Reached XP level 6. HP: 26/56 MP: 6/6
   311 | D        | Killed a necrophage
   320 | D        | Killed a necrophage
   320 | D        | Reached skill level 10 in Shields
   320 | D        | Reached XP level 7. HP: 9/60 MP: 7/7
   768 | D        | Noticed a merfolk siren
   782 | D        | Killed a merfolk siren
   782 | D        | Reached XP level 8. HP: 37/66 MP: 8/8
   929 | D        | Found Wagyci's Antique Weapon Shop.
   931 | D        | Found Beohot's Antique Armour Boutique.
   932 | D        | Found Rolol's Assorted Antiques.
   932 | D        | Found Hovvoph's Distillery.
   932 | D        | Found Beast's Book Shop.
   933 | D        | Found Diof's Jewellery Boutique.
   933 | D        | Found Xuk Luul's Distillery.
   934 | D        | Found Nihocri's Magic Scroll Shop.
   934 | D        | Found Usuij's Gadget Shop.
   935 | D        | Found Onkung's Weapon Shop.
   935 | D        | Found Menuitin's Food Boutique.
   938 | D        | Noticed Menkaure
   938 | D        | Noticed a shining eye
   951 | D        | Killed Menkaure
  1092 | D        | Found Kedeva's Jewellery Shop.
  1092 | D        | Found Ubran's Antique Armour Boutique.
  1092 | D        | Noticed a shining eye
  1092 | D        | Noticed a shining eye
  1092 | D        | Noticed an oklob plant
  1093 | D        | Found Sorekh's Antique Weapon Shop.
  1093 | D        | Found Gelue's Distillery.
  1093 | D        | Found Fip Hucw's Book Shoppe.
  1095 | D        | Noticed a hell hog
  1095 | D        | Noticed a hell hog
  1109 | D        | Noticed a flying skull
  1122 | D        | Bought a scratched steel ring for 80 gold pieces
  1122 | D        | Bought a pair of runed gloves for 120 gold pieces
  1129 | D        | Bought an encrusted chain mail for 152 gold pieces
  1139 | D        | Identified the cursed +0 chain mail "Fasihik" {-Cast Regen+ Str+4 Slay+5} (You bought it in a shop in the Dungeon)
  1146 | D        | Noticed a flying skull
  1146 | D        | Noticed a flying skull
  1146 | D        | Noticed a flying skull
  1147 | D        | Bought a glowing arbalest for 225 gold pieces
  1149 | D        | Bought 19 bolts for 53 gold pieces
  1153 | D        | Bought a potion of heal wounds for 70 gold pieces
  1168 | D        | Bought a runed cloak for 202 gold pieces
  1197 | D        | Bought a scroll of remove curse for 42 gold pieces
  1232 | D        | Reached skill level 3 in Crossbows
  1275 | D        | Found an opulent altar of Gozag.
  1275 | D        | Found an iron altar of Okawaru.
  1276 | D        | Found a blossoming altar of Fedhas.
  1276 | D        | Found a sparkling altar of Nemelex Xobeh.
  1305 | D        | Found a white marble altar of Elyvilon.
  1305 | D        | Found a burning altar of Makhleb.
  1306 | D        | Found a shadowy altar of Dithmenos.
  1306 | D        | Found a corrupted altar of Lugonu.
  1307 | D        | Found a snail-covered altar of Cheibriados.
  1307 | D        | Found an ancient bone altar of Kikubaaqudgha.
  1307 | D        | Found a bloodstained altar of Trog.
  1308 | D        | Found a roughly hewn altar of Beogh.
  1308 | D        | Found a viscous altar of Jiyva.
  1308 | D        | Found a deep blue altar of Sif Muna.
  1310 | D        | Found a hazy altar of Hepliaklqana.
  1310 | D        | Found a sacrificial altar of Ru.
  1311 | D        | Found a shimmering altar of Xom.
  1312 | D        | Found a stormy altar of Qazlal.
  1312 | D        | Found an ornate altar of the Wu Jian Council.
  1312 | D        | Found a hide-covered altar of Uskayaw.
  1312 | D        | Found a basalt altar of Yredelemnul.
  1312 | D        | Found a glowing golden altar of the Shining One.
  1312 | D        | Noticed a hornet
  1312 | D        | Noticed a polar bear
  1312 | D        | Noticed a polar bear
  1313 | D        | Found a radiant altar of Vehumet.
  1313 | D        | Found a glowing silver altar of Zin.
  1313 | D        | Noticed a yaktaur
  1313 | D        | Noticed a polar bear
  1320 | D        | Noticed a flying skull
  1320 | D        | Noticed a flying skull
  1321 | D        | Became a worshipper of the Shining One
  1331 | D        | Killed a polar bear
  1331 | D        | Reached skill level 6 in Crossbows
  1333 | D        | Killed a hornet
  1333 | D        | Reached skill level 8 in Crossbows
  1333 | D        | Reached XP level 9. HP: 71/72 MP: 9/9
  1334 | D        | Killed a polar bear
  1334 | D        | Reached skill level 9 in Crossbows
  1337 | D        | Killed a yaktaur
  1337 | D        | Reached skill level 10 in Crossbows
  1344 | D        | Killed a polar bear
  1344 | D        | Reached skill level 11 in Crossbows
  1377 | D        | Noticed a kraken
  1409 | D        | Killed a kraken
  1409 | D        | Reached skill level 14 in Crossbows
  1409 | D        | Reached XP level 10. HP: 61/79 MP: 10/10
  1590 | D        | Reached skill level 15 in Crossbows
  1647 | D        | Reached * piety under the Shining One
  1680 | D        | Noticed an obsidian statue
  1680 | D        | Reached ** piety under the Shining One
  1714 | D        | Noticed a death drake
  1714 | D        | Noticed a death drake
  1717 | D        | Noticed a crystal guardian
  1717 | D        | Reached *** piety under the Shining One
  1724 | D        | Killed from afar by a crystal guardian

Vault maps used:
D:        the_violet_keep_of_menkaure

Skill      XL: |  1  2  3  4  5  6  7  8  9 10 |
---------------+-------------------------------+-----
Shields        | 7 8 9 10 14 | 14.5
Fighting       | 4 10 | 10.5
Staves         | 5 8 |  8.3
Crossbows      | 8 14 15 | 15.0
Armour         | |  3.2

Action                   |  1- 3 |  4- 6 |  7- 9 | 10-12 || total
-------------------------+-------+-------+-------+-------++-------
Melee: Quarterstaff      |    13 |    63 |    41 |    28 ||   145
 Fire: Arbalest          |       |       |    21 |     3 ||    24
Invok: Divine Shield     |       |       |       |     1 ||     1
  Use: Scroll            |       |       |     1 |       ||     1
       Potion            |       |       |       |     1 ||     1
  Eat: Ration            |       |       |     1 |       ||     1
Armor: Scale mail        |     2 |    20 |       |       ||    22
       Chain mail        |       |       |    17 |     5 ||    22
Dodge: Dodged            |     6 |    14 |    19 |     4 ||    43
Block: Shield            |     7 |    17 |    34 |    13 ||    71

Table legend:
 A = Spawn XP
 B = Non-spawn XP
 C = Spawn XP percentage of total XP
 D = Spawn monster count
 E = Non-spawn monster count
 F = Spawn count percentage of total count
 G = Total turns spent on level
                    A         B        C        D         E        F      G
               +---------+---------+-------+---------+---------+-------+---------
         Total |       0 |    5490 |   0.0 |       0 |      23 |   0.0 |  1724
               +---------+---------+-------+---------+---------+-------+---------
             D |       0 |    5490 |   0.0 |       0 |      23 |   0.0 |  1724
               +---------+---------+-------+---------+---------+-------+---------
